 Dungeon Crawl Stone Soup version 0.25.0-11-g1f837a76a1 (webtiles) character file.

Game seed: 3354441833486339000

4009 lepoulpe303 the Chucker (level 10, -7/94 HPs)
             Began as a Troll Hunter on June 25, 2020.
             Was a Believer of Qazlal.
             Killed by divine providence
             ... invoked by an orc priest
              (14 damage)
             ... on level 8 of the Dungeon.
             The game lasted 00:22:39 (5550 turns).

lepoulpe303 the Chucker (Troll Hunter)              Turns: 5550, Time: 00:22:40

Health: -7/94      AC:  8    Str: 24    XL:     10   Next: 3%
Magic:  9/13       EV: 11    Int:  7    God:    Qazlal [**....]
Gold:   262        SH:  3    Dex: 11    Spells: 9/9 levels left

rFire    . . .     SeeInvis .     - Unarmed
rCold    + . .     Gourm    +   (no shield)
rNeg     . . .     Faith    .   F - +1 robe {rC+} {rC+}
rPois    .         Spirit   .   (helmet restricted)
rElec    .         Reflect  .   u - +0 cloak
rCorr    .         Harm     .   (gloves unavailable)
MR       .....                  (boots unavailable)
Stlth    +.........             (no amulet)
HPRegen  0.65/turn              (no ring)
MPRegen  0.13/turn              (no ring)

@: no status effects
A: large, unfitting armour, claws 3, fast metabolism 3, gourmand, regeneration
1, shaggy fur 1, tough skin 3
a: Upheaval, Renounce Religion


You were on level 8 of the Dungeon.
You worshipped Qazlal.
Qazlal was pleased with you.
You were not hungry.

You visited 1 branch of the dungeon, and saw 8 of its levels.

You collected 262 gold pieces.

Inventory:

Hand Weapons
 a - a +1 short sword
Missiles
 d - 2 throwing nets {=f}
 p - 5 silver boomerangs
 y - 7 poisoned darts (quivered)
 H - 3 javelins
Armour
 b - a +0 robe
 u - a +0 cloak (worn)
 F - a +1 robe of cold resistance (worn) {rC+}
Jewellery
 g - an uncursed ring of positive energy {unknown}
 o - a cursed ring of attention {unknown}
 s - an uncursed amulet of reflection {unknown}
 D - an uncursed ring of protection from cold {unknown}
Wands
 v - a wand of iceblast (17)
 E - a wand of paralysis (3)
Scrolls
 c - 2 scrolls of random uselessness {unknown}
 f - 3 scrolls of fog {unknown}
 i - 8 scrolls of identify {unknown}
 l - 4 scrolls of teleportation {unknown}
 m - 2 scrolls of amnesia
 r - 3 scrolls of enchant weapon
 w - 4 scrolls of remove curse
Potions
 h - 2 potions of haste {unknown}
 j - 3 potions of ambrosia {unknown}
 k - 2 potions of lignification {unknown}
 n - 2 potions of degeneration {unknown}
 q - 2 potions of resistance {unknown}
 t - a potion of might {unknown}
 x - 4 potions of flight {unknown}
 z - a potion of mutation {unknown}
 A - 2 potions of stabbing {unknown}
 B - 5 potions of curing {unknown}
Comestibles
 e - 12 rations


   Skills:
 + Level 4.6 Fighting
 * Level 7.8 Throwing
 + Level 4.6 Dodging
 - Level 0.3 Stealth
 * Level 7.5 Unarmed Combat
 * Level 5.5 Invocations


You had 9 spell levels left.
You didn't know any spells.
Your spell library contained the following spells:

 Spells                   Type           Power        Failure   Level  Hunger
 Sting                    Tmut/Pois      #...         43%         1    ##.....
 Poisonous Vapours        Pois/Air       #.....       56%         2    ###....
 Confusing Touch          Hex            #.......     80%         3    ####...
 Gell's Gravitas          Tloc           #.........   80%         3    ####...
 Ignite Poison            Fire/Tmut/Pois #.......     80%         3    ####...
 Mephitic Cloud           Conj/Pois/Air  #.......     80%         3    ####...
 Olgreb's Toxic Radiance  Pois           #.......     99%         4    #####..
 Petrify                  Tmut/Erth      #.......     99%         4    #####..
 Metabolic Englaciation   Hex/Ice        #.........   100%        5    ######.
 Yara's Violent Unravell  Hex/Tmut       #.........   100%        5    ######.


Dungeon Overview and Level Annotations

Branches:
Dungeon (8/15)             Temple (0/1) D:6
   Lair: D:8-11

Altars:
Hepliaklqana
Nemelex Xobeh
Qazlal
Trog


Innate Abilities, Weirdness & Mutations

You are too large for most types of armour.
You have claws for hands.
Your metabolism is lightning-fast.
You like to eat raw meat.
Your natural rate of healing is unusually fast.
You are covered in fur. (AC +1)
You have extremely tough skin. (AC +3)


Message History

The orc priest miscasts a cantrip.
You completely miss the kobold. You mangle the kobold!!
You kill the kobold!
The orc priest looks encouraged for a moment.
You claw the orc priest! The orc priest completely misses you.
You barely miss the orc priest. The black bear bites you.
* * * LOW HITPOINT WARNING * * *
The black bear claws you but does no damage.
The black bear completely misses you.
The orc priest hits you but does no damage.
You take 4 damage, and have 9/94 hp.
You scratch the orc priest. The black bear bites you.
* * * LOW HITPOINT WARNING * * *
The black bear claws you.
* * * LOW HITPOINT WARNING * * *
The black bear closely misses you.
The orc priest calls down the wrath of Beogh upon you.
Beogh smites you!
You die...

###.)...))...# .#
#...<..##.)(.# .# ..o(#
##....###...## .#..#.(#
#.....####..####......('
#.##......#.†...# ....#
...
##.###.....#.###....#
..## ..#
#####........#.. .##
.##########.....<... .
#....h@oK........
...######?.†....<.
....#......
......#$#.#.. #....... .
... ##.......## #.
#.....#.# .........


You could see a black bear, an orc priest and a kobold.

Levels and vault maps discovered:
D:1:      wheals_arrival_linesprint, layout_basic
D:2:      cheibrodos_old_hovel, layout_loops_ring, first_ration,
          roderic_roman_lattice, eino_curves_02
D:3:      layout_loops_ring, tgw_trog
D:4:      layout_basic, marbit_many_paths
D:5:      layout_cave_pools, basic_altar
D:6:      layout_loops_corners, old_standard_altar, temple_hall, uniq_edmund
D:7:      layout_rooms
D:8:      layout_rooms, lemuel_doored_altar, vehumet_altar_wand_db,
          enter_ossuary_2

Notes
Turn   | Place    | Note
-------+----------+-------------------------------------------
     0 | D:1      | lepoulpe303 the Troll Hunter began the quest for the Orb.
     0 | D:1      | Reached XP level 1. HP: 19/19 MP: 0/0
    12 | D:1      | You fall into a shaft and drop 1 floor!
    80 | D:2      | Identified a +7 short sword
    80 | D:2      | Identified a +0 robe
    80 | D:2      | Noticed a wight
    80 | D:2      | Identified a +0 club
    86 | D:1      | Identified a +0 dagger
    87 | D:1      | Identified a +0 dagger
   104 | D:1      | Identified a +0 dagger
   179 | D:1      | Reached XP level 2. HP: 28/28 MP: 1/1
   281 | D:1      | Reached skill level 1 in Unarmed Combat
   390 | D:1      | Identified a +0 club
   594 | D:2      | Identified a cursed +0 falchion
   594 | D:2      | Identified a +0 robe
   594 | D:2      | Noticed a wight
   594 | D:2      | Identified a cursed +3 scimitar
   594 | D:2      | Identified a cursed +0 robe
   594 | D:2      | Noticed a wight
   621 | D:2      | HP: 7/28 [wight/cursed +3 scimitar (14)]
   621 | D:2      | HP: 1/28 [wight/cursed +3 scimitar (6)]
   623 | D:2      | Identified 2 scrolls of remove curse
   625 | D:2      | Identified a scroll of amnesia
   627 | D:2      | Identified a scroll of enchant weapon
   633 | D:2      | HP: 4/28 [wight/cursed +3 scimitar (2)]
   634 | D:2      | Killed a wight
   634 | D:2      | Reached skill level 2 in Fighting
   634 | D:2      | Reached skill level 4 in Throwing
   634 | D:2      | Reached skill level 2 in Dodging
   634 | D:2      | Reached XP level 3. HP: 5/35 MP: 2/2
   707 | D:2      | Reached skill level 2 in Unarmed Combat
   707 | D:2      | Reached XP level 4. HP: 37/42 MP: 3/3
   779 | D:2      | Identified a +0 short sword
   903 | D:2      | Identified a +0 club
  1292 | D:2      | Reached XP level 5. HP: 49/49 MP: 4/4
  1369 | D:3      | Identified a +0 club
  1374 | D:3      | Identified a +0 halberd
  1377 | D:3      | Identified a cursed -2 club
  1399 | D:3      | lepoulpe303: !whichgod trhu
  1399 | D:3      | meem: 83 recent wins for trhu: 30x Okawaru, 9x The Shining
                  | One, 9x Qazlal, 7x Cheibriados, 6x Ru, 5x Jiyva, 3x Nemelex
                  | Xobeh, 2x Ashenzari, 2x Dithmenos, 2x Hepliaklqana, 2x Zin,
                  | Makhleb, Uskayaw, Trog, Gozag, Yredelemnul, Xom
  1471 | D:3      | Identified a +0 club
  1471 | D:3      | Identified a +0 hunting sling
  1503 | D:3      | Identified a cursed -3 falchion
  1503 | D:3      | Identified a +0 chain mail
  1503 | D:3      | Identified a +0 club
  1503 | D:3      | Identified a +0 ring mail
  1503 | D:3      | Identified a +0 club
  1503 | D:3      | Identified a +0 chain mail
  1503 | D:3      | Identified a +0 flail
  1590 | D:3      | Reached skill level 3 in Unarmed Combat
  1711 | D:3      | Identified a +0 cloak (You found it on level 3 of the
                  | Dungeon)
  1731 | D:3      | Noticed a moth of wrath
  1734 | D:3      | Found a bloodstained altar of Trog.
  1734 | D:3      | Identified a +0 spear
  1993 | D:3      | Identified a +0 club
  2065 | D:3      | Identified a +0 club
  2065 | D:3      | Identified a +0 ring mail of cold resistance
  2068 | D:3      | Identified a +0 short sword
  2325 | D:4      | Reached XP level 6. HP: 55/59 MP: 5/5
  2655 | D:4      | Found a hazy altar of Hepliaklqana.
  2927 | D:5      | Entered Level 5 of the Dungeon
  2962 | D:5      | Reached skill level 5 in Throwing
  2964 | D:5      | Identified a +0 whip
  2964 | D:5      | Identified a +0 robe
  2975 | D:5      | Identified a +0 spear
  2976 | D:5      | Identified a +0 club
  3031 | D:5      | Identified a +0 dagger
  3032 | D:5      | Identified a +0 flail
  3053 | D:5      | Identified a +0 dagger
  3053 | D:5      | Identified a +0 mace
  3082 | D:5      | Identified a +0 dagger
  3123 | D:5      | Identified a +0 dagger
  3123 | D:5      | Identified a +0 leather armour
  3163 | D:5      | Found a stormy altar of Qazlal.
  3215 | D:5      | Identified a +0 leather armour
  3215 | D:5      | Identified a +1 dagger of freezing
  3215 | D:5      | Identified a cursed -2 ring mail
  3217 | D:5      | Identified a +0 chain mail
  3468 | D:5      | Identified a +0 giant spiked club
  3477 | D:5      | Reached skill level 4 in Unarmed Combat
  3477 | D:5      | Reached XP level 7. HP: 45/66 MP: 6/6
  3573 | D:5      | Became a worshipper of Qazlal Stormbringer
  3692 | D:6      | Reached skill level 3 in Fighting
  3724 | D:6      | Identified a +0 flail
  3724 | D:6      | Identified a +0 kite shield
  3725 | D:6      | Identified a +0 whip
  3729 | D:6      | Identified a +0 dagger
  3729 | D:6      | Identified a +2 robe of positive energy
  3732 | D:6      | Identified a +0 trident
  3732 | D:6      | Identified a +0 ring mail
  3733 | D:6      | Reached skill level 3 in Dodging
  3733 | D:6      | Identified a +4 dagger of freezing
  3733 | D:6      | Identified a +0 robe
  3745 | D:6      | Reached skill level 1 in Invocations
  3788 | D:6      | Identified a +0 dagger
  3788 | D:6      | Identified a +0 robe
  3799 | D:6      | Identified a +0 mace
  3799 | D:6      | Identified a +0 chain mail
  3804 | D:6      | Identified a +0 dagger
  3804 | D:6      | Identified a +0 robe
  3807 | D:6      | Identified a cursed -2 dagger
  3807 | D:6      | Identified a +0 robe
  3817 | D:6      | Identified a +0 falchion
  3817 | D:6      | Identified a +0 ring mail
  3828 | D:6      | Reached * piety under Qazlal
  4108 | D:6      | Reached skill level 2 in Invocations
  4109 | D:6      | Identified a +1 dire flail of holy wrath
  4109 | D:6      | Identified a +0 chain mail
  4109 | D:6      | Noticed Edmund
  4111 | D:6      | Killed Edmund
  4111 | D:6      | Reached skill level 6 in Throwing
  4111 | D:6      | Reached skill level 5 in Unarmed Combat
  4111 | D:6      | Reached XP level 8. HP: 75/75 MP: 8/8
  4368 | D:6      | Identified a cursed +0 war axe
  4368 | D:6      | Identified a +0 robe
  4377 | D:6      | Identified a cursed -3 short sword
  4377 | D:6      | Identified a +0 robe
  4390 | D:6      | Identified a +0 long sword
  4390 | D:6      | Identified a +1 robe of magic resistance
  4391 | D:6      | Identified a +2 mace
  4391 | D:6      | Identified a cursed -1 robe
  4424 | D:6      | Found a sparkling altar of Nemelex Xobeh.
  4448 | D:6      | Identified a +0 club
  4452 | D:6      | Identified a +0 dagger
  4452 | D:6      | Identified a +0 robe
  4453 | D:6      | Identified a +0 club
  4453 | D:6      | Identified a +0 leather armour
  4647 | D:6      | Reached skill level 3 in Invocations
  4656 | D:6      | Found a staircase to the Ecumenical Temple.
  4723 | D:7      | Identified a cursed +4 hand axe
  4723 | D:7      | Identified a +1 robe of cold resistance
  4723 | D:7      | Identified a cursed +0 dagger
  4723 | D:7      | Identified a +0 robe
  4723 | D:7      | Identified a +4 halberd
  4723 | D:7      | Identified a +0 robe
  4723 | D:7      | Identified a +0 halberd
  4723 | D:7      | Identified a +0 robe
  4801 | D:7      | Noticed a hippogriff
  4812 | D:7      | Killed a hippogriff
  4910 | D:7      | Identified the +8 mace "Toinuith" {speed, +Inv Dex-5
                  | Stlth+}
  4910 | D:7      | Identified a +0 shortbow
  4943 | D:7      | Reached skill level 6 in Unarmed Combat
  5004 | D:7      | Noticed a hippogriff
  5006 | D:7      | Killed a hippogriff
  5006 | D:7      | Reached ** piety under Qazlal
  5006 | D:7      | Reached XP level 9. HP: 84/84 MP: 10/10
  5006 | D:7      | Identified a +0 club
  5006 | D:7      | Identified a +0 mace
  5006 | D:7      | Identified a +0 plate armour
  5009 | D:7      | Identified a +0 club
  5021 | D:7      | Reached skill level 4 in Invocations
  5054 | D:7      | Reached skill level 4 in Fighting
  5055 | D:7      | Identified a +0 hunting sling
  5067 | D:7      | Reached skill level 7 in Throwing
  5067 | D:7      | Reached skill level 4 in Dodging
  5162 | D:7      | Identified a cursed -1 giant club
  5162 | D:7      | Identified a cursed -3 giant spiked club
  5162 | D:7      | Noticed a two-headed ogre
  5169 | D:7      | Killed a two-headed ogre
  5169 | D:7      | Reached skill level 7 in Unarmed Combat
  5196 | D:7      | Identified a +0 robe
  5296 | D:7      | Reached skill level 5 in Invocations
  5404 | D:8      | Identified a +0 giant club
  5460 | D:8      | Identified a +0 spear
  5463 | D:8      | Identified a +0 shortbow
  5476 | D:8      | Identified a +0 club
  5495 | D:8      | Identified a cursed -1 mace
  5495 | D:8      | Identified a +0 chain mail
  5502 | D:8      | Identified a +0 hand axe
  5504 | D:8      | Identified a +0 hand axe of freezing
  5504 | D:8      | Identified a cursed +0 scale mail
  5523 | D:8      | Identified a +0 club
  5523 | D:8      | Identified a +0 ring mail
  5523 | D:8      | Identified a +0 dagger
  5523 | D:8      | Identified a +0 robe
  5525 | D:8      | Identified a +0 dagger
  5528 | D:8      | Identified a +2 vorpal war axe
  5529 | D:8      | HP: 21/85 [orc priest/divine providence (13)]
  5530 | D:8      | Identified a +0 dagger
  5531 | D:8      | Identified a +0 dagger
  5533 | D:8      | Reached XP level 10. HP: 25/94 MP: 13/13
  5536 | D:8      | HP: 15/94 [orc priest/divine providence (12)]
  5538 | D:8      | Identified a +0 whip
  5538 | D:8      | Identified a +0 ring mail
  5544 | D:8      | Identified a +0 dagger
  5549 | D:8      | HP: 9/94 [black bear (5)]
  5550 | D:8      | Killed from afar by an orc priest

Table legend:
 A = Turns spent in this place as a percentage of turns spent in the entire game.
 B = Non-inter-level travel turns spent in this place as a percentage of non-inter-level travel turns spent in the entire game.
 C = Inter-level travel turns spent in this place as a percentage of turns spent in this place.
 D = Turns resting spent in this place as a percentage of non-inter-level travel turns spent in this place.
 E = Turns spent auto-exploring this place as a percentage of non-inter-level travel turns spent in this place.
 F = Non-inter-level travel turns spent in this place divided by the number of levels of this place that you've seen.
                   A       B       C       D       E      F
               +-------+-------+-------+-------+-------+----------------------
         Total | 100.0 | 100.0 |   4.7 |   2.0 |  71.4 | 661.0
       Dungeon | 100.0 | 100.0 |   4.7 |   2.0 |  71.4 | 661.0
               +-------+-------+-------+-------+-------+----------------------

Table legend:
 A = Kills in this place as a percentage of kills in entire the game.
 B = Kills by you in this place as a percentage of kills by you in the entire game.
 C = Kills by friends in this place as a percentage of kills by friends in the entire game.
 D = Other kills in this place as a percentage of other kills in the entire game.
 E = Experience gained in this place as a percentage of experience gained in the entire game.
 F = Experience gained in this place divided by the number of levels of this place that you have seen.
                   A       B       C       D       E      F
               +-------+-------+-------+-------+-------+----------------------
         Total | 100.0 | 100.0 |   N/A |   N/A | 100.0 | 716.0
       Dungeon | 100.0 | 100.0 |   N/A |   N/A | 100.0 | 716.0
               +-------+-------+-------+-------+-------+----------------------

Skill      XL: |  1  2  3  4  5  6  7  8  9 |
---------------+----------------------------+-----
Unarmed Combat | 1 2 3 4 5 6 7 |  7.5
Fighting       | 2 3 4 |  4.6
Throwing       | 4 5 6 7 |  7.8
Dodging        | 2 3 4 |  4.6
Invocations    | 2 3 5 |  5.5
Stealth        | |  0.3

Action                   |  1- 3 |  4- 6 |  7- 9 | 10-12 || total
-------------------------+-------+-------+-------+-------++-------
Melee: Short sword       |    73 |       |       |       ||    73
       Unarmed           |     9 |   155 |   233 |    15 ||   412
       Punch             |     1 |     2 |     8 |     1 ||    12
Throw: Large rock        |     5 |    40 |    19 |       ||    64
       Dart              |       |    39 |    68 |       ||   107
       Javelin           |       |       |     4 |       ||     4
       Boomerang         |       |       |     3 |       ||     3
       Throwing net      |       |       |     1 |       ||     1
Invok: Upheaval          |       |       |       |     1 ||     1
  Use: Scroll            |     3 |       |       |       ||     3
 Stab: Sleeping          |       |     1 |       |       ||     1
       Distracted        |       |       |     1 |       ||     1
  Eat: Chunk             |    11 |    27 |    17 |       ||    55
Armor: Robe              |    43 |    52 |    68 |     4 ||   167
Dodge: Dodged            |    60 |    85 |    87 |     8 ||   240
Block: Other             |       |       |    13 |     5 ||    18

Vanquished Creatures
  A two-headed ogre (D:7)
  3 hippogriffs (D:7)
  A hungry ghost (D:8)
  Edmund (D:6)
  2 orc warriors
  A black bear (D:7)
  An ice beast (D:8)
  2 ogres
  A phantom (D:6)
  2 centaurs
  A big kobold (D:8)
  2 bullfrogs
  A scorpion (D:6)
  10 wights
  4 howler monkeys
  6 crimson imps
  A hound (D:8)
  2 bullfrog skeletons
  A gnoll shaman (D:5)
  3 orc priests
  2 iguanas
  3 worker ants
  7 orc wizards
  A hound skeleton (D:8)
  A hound zombie (D:6)
  9 gnolls
  8 adders
  An ooze (D:2)
  3 adder skeletons
  6 worms
  5 leopard geckos
  25 orcs
  9 bats
  5 giant cockroaches
  3 goblins
  5 hobgoblins
  6 jackals
  4 quokkas
  A ball python (D:3)
  12 frilled lizards
  7 kobolds
  A quokka skeleton (D:6)
  A quokka zombie (D:7)
  5 rats
176 creatures vanquished.
